 Dungeon Crawl Stone Soup version 0.28.0-1-gb440e238dd (webtiles) character file.

Game seed: 17255300087403388441

1788 bande the Chopper (level 9, -6/52 HPs)
             Began as a Gargoyle Fighter on Feb 21, 2022.
             Was a Follower of Okawaru.
             Mangled by a yak (7 damage)
             ... on level 6 of the Dungeon.
             The game lasted 00:10:51 (6836 turns).

bande the Chopper (Gargoyle Fighter)                Turns: 6836, Time: 00:10:52

Health: -6/52      AC: 26    Str: 19    XL:     9   Next: 8%
Magic:  13/13      EV:  5    Int: 10    God:    Okawaru [*.....]
Gold:   252        SH: 10    Dex: 13    Spells: 8/8 levels left

rFire   . . .      SeeInvis .   a - +0 war axe
rCold   . . .      Faith    .   c - +0 buckler
rNeg    + . .      Spirit   .   f - +0 plate armour
rPois   ∞          Reflect  +   (no helmet)
rElec   +          Harm     .   r - +0 cloak
rCorr   .          Rampage  .   (no gloves)
Will    +....                   i - +0 pair of boots
Stlth   ..........              e - amulet of reflection
HPRegen 0.17/turn               g - ring of willpower
MPRegen 0.13/turn               m - +4 ring of protection

@: no status effects
A: sickness immunity, AC +6, negative energy resistance 1, electricity
resistance, torment resistance 1, petrification resistance
a: Renounce Religion, Heroism


You were on level 6 of the Dungeon.
You worshipped Okawaru.
Okawaru was aware of your devotion.
You visited 2 branches of the dungeon, and saw 7 of its levels.

You collected 252 gold pieces.

Inventory:

Hand Weapons
 a - a +0 war axe (weapon)
Armour
 c - a +0 buckler (worn)
 f - a +0 plate armour (worn)
 i - a +0 pair of boots (worn)
 r - a +0 cloak (worn)
Jewellery
 e - an amulet of reflection (around neck)
 g - a ring of willpower (left hand)
 m - a +4 ring of protection (right hand)
 o - the ring of Suspected Treachery {rC++ rN+ rCorr}
   (You found it on level 5 of the Dungeon)

   [ring of resist corrosion]

   rC:        It greatly protects you from cold.
   rN:        It protects you from negative energy.
   rCorr:     It protects you from acid and corrosion.
 p - a ring of magical power
Potions
 b - 2 potions of magic
 d - a potion of might
 h - a potion of flight
 j - a potion of brilliance {unknown}
 l - 3 potions of degeneration {unknown}
 n - a potion of curing {unknown}


   Skills:
 + Level 4.7 Fighting
 + Level 7.3 Axes
 + Level 7.2 Armour
 + Level 6.6 Shields
 * Level 5.6 Invocations
 * Level 4.7 Evocations


You had 8 spell levels left.
You didn't know any spells.
Your spell library contained the following spells:

 Spells                   Type           Power      Damage    Failure   Level
 Blink                    Tloc           0%         N/A       100%        2
 Confusing Touch          Hex            0%         N/A       100%        3
 Lesser Beckoning         Tloc           0%         N/A       100%        3
 Olgreb's Toxic Radiance  Pois           0%         N/A       100%        4
 Iskenderun's Battlesphe  Conj           0%         2d6       100%        5
 Manifold Assault         Tloc           0%         N/A       100%        5
 Yara's Violent Unravell  Hex/Tmut       0%         3d3       100%        5
 Iron Shot                Conj/Erth      0%         9d1       100%        6
 Enfeeble                 Hex            0%         N/A       100%        7
 Ozocubu's Refrigeration  Ice            0%         4d5       100%        7
 Ignition                 Fire           0%         3d3       100%        8
 Spellforged Servitor     Conj/Summ      Unusable   N/A       N/A         7

Dungeon Overview and Level Annotations

Branches:
Dungeon (6/15)             Temple (1/1) D:5

Altars:
Ashenzari
Dithmenos
Elyvilon
Fedhas
Gozag
Hepliaklqana
Kikubaaqudgha
Nemelex Xobeh
Okawaru
Qazlal
Trog
Uskayaw
Vehumet
Yredelemnul
The Shining One

Shops:
D:2 :


Innate Abilities, Weirdness & Mutations

You are immune to sickness and miasma.
Your stone body is resilient. (AC +6)
You are immune to poison.
You resist negative energy. (rN+)
You are resistant to electric shocks. (rElec)
You are resistant to unholy torment.
You are immune to petrification.


Message History

The yak is heavily wounded.
You block the yak's attack.
You closely miss the yak.
The yak is heavily wounded.
You block the yak's attack. The yak barely misses you.
You hit the yak.
The yak is heavily wounded.
You block the yak's attack.
You hit the yak.
The yak is heavily wounded.
You block the yak's attack.
You slash the yak!
The yak is almost dead.
You block the yak's attack.
You barely miss the yak.
The yak is almost dead.
The yak gores you but does no damage.
You hit the yak but do no damage.
The yak is almost dead.
You block the yak's attack.
You closely miss the yak.
The yak is almost dead.
The yak gores you but does no damage. x2
You hit the yak.
The yak is almost dead.
The yak gores you but does no damage.
You hit the yak but do no damage.
The yak is almost dead.
The yak barely misses you.
You barely miss the yak.
The yak is almost dead.
The yak closely misses you.
You hit the yak.
The yak is almost dead.
The yak gores you!
* * * LOW HITPOINT WARNING * * *
You completely miss the yak.
The yak is almost dead.
The yak gores you!
You die...

########## ####
#.....((.# .....
#######...(....###S.....
≈≈≈....÷.≈.≈≈...@Y5.....
≈≈≈≈≈≈≈≈≈≈≈≈≈≈.###h...$.
≈≈≈♣♣♣≈≈≈♣♣♣≈....+ ...>.
≈≈≈♣ ♣≈≈≈♣ ♣≈....# ....
≈≈≈♣ ♣≈.≈♣ ♣≈≈.#.# ...
≈.≈≈≈≈≈≈≈≈≈≈≈....# ..
.≈.≈.≈≈...(≈≈≈.... #
≈≈≈≈≈≈≈.≈≈≈≈≈≈..... ≈≈≈


You could see a yak, a hound, an adder and an ufetubus.

Vanquished Creatures
  Grinder (D:5)
  2 yaks (D:6)
  A water moccasin (D:5)
  A sky beast (D:6)
  3 ogres
  A necrophage (D:5)
  3 scorpions
  2 water moccasin zombies (D:5)
  3 electric eels (D:6)
  2 jellies (D:5)
  2 bullfrog skeletons
  Jessica (D:3)
  An iguana (D:6)
  7 adders
  A shadow imp (D:5)
  A white imp (D:5)
  3 worms
  7 dart slugs
  2 orcs
  8 ball pythons
  13 endoplasms
  5 giant cockroaches
  8 goblins
  6 hobgoblins
  4 jackals
  5 kobolds
  2 quokkas
  2 bats (D:1)
  3 frilled lizards
100 creatures vanquished.

Vanquished Creatures (others)
  A plant (D:3)
1 creature vanquished.

Grand Total: 101 creatures vanquished

Notes
Turn   | Place    | Note
-------+----------+-------------------------------------------
     0 | D:1      | bande the Gargoyle Fighter began the quest for the Orb.
     0 | D:1      | Reached XP level 1. HP: 14/14 MP: 1/1
   214 | D:1      | Reached XP level 2. HP: 18/19 MP: 2/2
   430 | D:1      | Reached XP level 3. HP: 23/23 MP: 3/3
   439 | D:1      | Found a faded altar of an unknown god.
   793 | D:2      | Reached skill level 5 in Axes
   793 | D:2      | Reached skill level 5 in Shields
   793 | D:2      | Reached XP level 4. HP: 26/29 MP: 3/7
  1254 | D:2      | Found Tufann's Book Shop.
  1489 | D:2      | Reached XP level 5. HP: 33/33 MP: 8/8
  1861 | D:3      | Noticed Jessica
  1970 | D:3      | Killed Jessica
  3142 | D:4      | Reached XP level 6. HP: 38/38 MP: 9/9
  3993 | D:5      | Entered Level 5 of the Dungeon
  4000 | D:5      | Noticed a water moccasin
  4014 | D:5      | Killed a water moccasin
  4015 | D:5      | Reached XP level 7. HP: 34/43 MP: 10/10
  4705 | D:5      | Noticed Grinder
  4712 | D:5      | Paralysed by Grinder for 4 turns
  4727 | D:5      | Killed Grinder
  4728 | D:5      | Reached XP level 8. HP: 22/48 MP: 11/11
  5105 | D:5      | Reached skill level 5 in Invocations
  5126 | D:5      | Identified the ring of Suspected Treachery {rC++ rN+ rCorr}
  5589 | D:5      | Found a staircase to the Ecumenical Temple.
  5608 | Temple   | Entered the Ecumenical Temple
  5714 | Temple   | Became a worshipper of Warmaster Okawaru
  6413 | D:6      | HP: 1/48 [electric eel/bolt of electricity (2)]
  6436 | D:6      | Reached * piety under Okawaru
  6786 | D:6      | Noticed a yak
  6786 | D:6      | Noticed a yak
  6786 | D:6      | Noticed a yak
  6800 | D:6      | Killed a yak
  6819 | D:6      | Killed a yak
  6820 | D:6      | Reached XP level 9. HP: 13/52 MP: 13/13
  6835 | D:6      | HP: 1/52 [yak (12)]
  6836 | D:6      | Mangled by a yak

Illustrated notes

Levels and vault maps discovered:
D:1:      dpeg_arrival_tiny_f, layout_basic, basic_ecumenical_altar
D:2:      layout_loops_ring, serial_shops, shop
D:3:      layout_basic, grunt_decor_mini_mirrors, chequers_big_river,
          nicolae_wormholes, uniq_jessica
D:4:      layout_gridville
D:5:      layout_layer_cave, minmay_temple_entry_large_hall,
          minmay_misc_feat_alley, grunt_decor_cap, uniq_grinder
D:6:      layout_basic, kennysheep_mini_moat, kennysheep_boxes
Temple:   kilobyte_greek_temple

Skill      XL: |  1  2  3  4  5  6  7  8 |
---------------+-------------------------+-----
Axes           | 2 5 6 7 |  7.3
Armour         | 6 7 |  7.2
Shields        | 5 6 |  6.6
Invocations    | 4 5 |  5.6
Evocations     | 3 4 |  4.7
Fighting       | 4 |  4.7

Action                   |  1- 3 |  4- 6 |  7- 9 || total
-------------------------+-------+-------+-------++-------
Melee: War axe           |    70 |   155 |   211 ||   436
  Use: Scroll            |     1 |     7 |     4 ||    12
       Potion            |     1 |       |     2 ||     3
Armor: Scale mail        |    32 |     8 |       ||    40
       Plate armour      |       |    65 |   126 ||   191
Dodge: Dodged            |    35 |    27 |    33 ||    95
Block: Buckler           |    28 |    68 |    76 ||   172
       Reflection        |       |     3 |       ||     3
